 Dungeon Crawl Stone Soup version 0.20-a0 (webtiles) character file.

319 patrickswayze the Insei (level 6, -1/47 HPs)
             Began as a Demonspawn Monk on Oct 27, 2016.
             Slain by a centaur (3 damage)
             ... on level 3 of the Dungeon.
             The game lasted 00:04:30 (2065 turns).

patrickswayze the Insei (Demonspawn Monk)           Turns: 2065, Time: 00:04:31

Health: -1/47      AC:  5    Str: 11      XL:     6   Next: 21%
Magic:  6/6        EV: 13    Int: 13 (14) God:
Gold:   148        SH:  0    Dex: 15      Spells: 0 memorised, 5 levels left

rFire  + . .     SeeInvis .       - Unarmed
rCold  + . .     Gourm    .     a - +0 robe
rNeg   . . .     Faith    .     (no shield)
rPois  +         Spirit   .     (no helmet)
rElec  +         Reflect  .     (no cloak)
rCorr  +         Harm     .     (no gloves)
MR     .....                    (no boots)
Stlth  ++........               (no amulet)
                                (no ring)
                                (no ring)

@: resistant
A: talons 1, molten scales 2
a: no special abilities


You were on level 3 of the Dungeon.
You were not hungry.

You visited 1 branch of the dungeon, and saw 3 of its levels.

You collected 148 gold pieces.


Innate Abilities, Weirdness & Mutations

You have sharp toenails.
You are mostly covered in molten scales. (AC +3)


   Skills:
 - Level 3.0 Fighting
 - Level 2.6 Dodging
 - Level 1.7 Stealth
 + Level 6.4 Unarmed Combat


You had 5 spell levels left.
You didn't know any spells.

Inventory:

Armour
 a - a +0 robe (worn)
Scrolls
 d - a scroll of recharging {unknown}
 e - 2 scrolls of enchant armour {unknown}
 g - 2 scrolls of identify {unknown}
 h - a scroll of noise {unknown}
 i - a scroll of remove curse {unknown}
 k - a scroll of enchant weapon {unknown}
 q - a scroll of blinking {unknown}
 r - a scroll of teleportation {unknown}
Potions
 c - a potion of degeneration
Comestibles
 b - 2 bread rations
 f - a chunk of flesh
 l - 4 fruits
 m - a beef jerky
 o - 2 slices of pizza


Message History

The centaur is lightly wounded.
The centaur hits you but does no damage.
The kobold closely misses you.
It was a potion of cancellation.
You feel magically purged. The centaur barely misses you.
The centaur closely misses you. The kobold hits you but does no damage.
It was a potion of resistance.
You feel protected. The centaur hits you.
* * * LOW HITPOINT WARNING * * *
You closely miss the centaur. You claw the centaur, but do no damage.
The centaur is lightly wounded.
The centaur misses you. The kobold misses you. The centaur barely misses you.
You hit the centaur.
The centaur is lightly wounded.
The kobold barely misses you. The centaur closely misses you.
You hit the centaur.
The centaur is moderately wounded.
The centaur hits you.
You die...

$..## .... #### ....
...## ..#....##>.#
..#....###.#######
#.#...........)...
#.#....###...##### .#####
#@#....##.....# #
......##Kc>.......##.####
. #..(#........###....#
..#####.(...............#
.....................##..
.......(##.##.....##.....
.......(##...........##.#
...........>..###.##....#
......(..#............###


You could see a centaur and a kobold.

Vanquished Creatures
  Grinder (D:3)
  Jessica (D:2)
  3 adders (D:2)
  A worm (D:2)
  2 dart slugs
  2 leopard geckos
  2 orcs (D:3)
  2 giant cockroaches
  4 goblins
  6 hobgoblins
  A quokka (D:3)
  8 bats
  5 frilled lizards
  6 kobolds
  8 rats
52 creatures vanquished.

Notes
Turn   | Place    | Note
-------+----------+-------------------------------------------
     0 | D:1      | patrickswayze the Demonspawn Monk began the quest for the Orb.
     0 | D:1      | Reached XP level 1. HP: 18/18 MP: 1/1
    50 | D:1      | Reached skill level 3 in Unarmed Combat
   233 | D:1      | Gained mutation: You have sharp toenails. [demonic ancestry]
   233 | D:1      | Reached XP level 2. HP: 24/24 MP: 2/2
   610 | D:2      | Found an ancient bone altar of Kikubaaqudgha.
   610 | D:2      | Noticed Jessica
   624 | D:2      | Killed Jessica
   624 | D:2      | Reached skill level 4 in Unarmed Combat
   624 | D:2      | Gained mutation: You are partially covered in molten scales. (AC +2) [demonic ancestry]
   624 | D:2      | Reached XP level 3. HP: 13/29 MP: 3/3
   843 | D:2      | Reached XP level 4. HP: 31/35 MP: 4/4
  1537 | D:3      | Noticed a water moccasin
  1912 | D:3      | Noticed Grinder
  1918 | D:3      | Paralysed by Grinder for 4 turns
  1924 | D:3      | Paralysed by Grinder for 5 turns
  1940 | D:3      | Paralysed by Grinder for 5 turns
  1946 | D:3      | Killed Grinder
  1946 | D:3      | Reached skill level 6 in Unarmed Combat
  1946 | D:3      | Gained mutation: You are mostly covered in molten scales. (AC +3) [demonic ancestry]
  1946 | D:3      | Reached XP level 5. HP: 33/41 MP: 5/5
  1946 | D:3      | Reached XP level 6. HP: 38/47 MP: 6/6
  2059 | D:3      | HP: 5/47 [centaur (6)]
  2062 | D:3      | HP: 1/47 [centaur (4)]
  2065 | D:3      | Slain by a centaur

Vault maps used:
D:1:      lightli_iron_boxes
D:2:      kiku_gazebo_pond_becter, gammafunk_temple_overflow_pools, uniq_jessica
D:3:      uniq_grinder

Action                   |  1- 3 |  4- 6 || total
-------------------------+-------+-------++-------
Melee: Unarmed           |    74 |   107 ||   181
       Kick              |    12 |    21 ||    33
       Punch             |     1 |     1 ||     2
  Use: Potion            |       |     6 ||     6
 Stab: Sleeping          |     4 |     3 ||     7
       Distracted        |       |     2 ||     2
  Eat: Chunk             |       |     4 ||     4
Armor: Robe              |    18 |    29 ||    47
Dodge: Dodged            |    79 |    91 ||   170
